 Dungeon Crawl Stone Soup version 0.20-a0-709-gd40821f (webtiles) character file.

1778 kae the Cleaver (level 8, -1/73 HPs)
             Began as a Minotaur Monk on Feb 21, 2017.
             Slain by an orc warrior
             ... wielding a +0 war axe
              (19 damage)
             ... on level 6 of the Dungeon.
             The game lasted 00:05:49 (5013 turns).

kae the Cleaver (Minotaur Monk)                     Turns: 5013, Time: 00:05:50

Health: -1/73      AC: 11    Str: 19    XL:     8   Next: 81%
Magic:  7/7        EV: 13    Int:  7    God:
Gold:   203        SH:  0    Dex: 12    Spells: 7/7 levels left

rFire    . . .     SeeInvis .   a - +0 hand axe
rCold    + . .     Gourm    .   y - +0 scale mail {MR+}
rNeg     . . .     Faith    .   (no shield)
rPois    +         Spirit   .   (helmet restricted)
rElec    .         Reflect  .   m - +1 cloak
rCorr    .         Harm     .   g - +0 pair of gloves
MR       +....                  (no boots)
Stlth    ..........             (no amulet)
Regen    0.3/turn               e - ring of protection from cold
MPRegen  0.1/turn               n - ring of poison resistance

@: no status effects
A: retaliatory headbutt, horns 2
a: no special abilities


You were on level 6 of the Dungeon.
You were hungry.

You visited 1 branch of the dungeon, and saw 6 of its levels.

You collected 203 gold pieces.

Inventory:

Hand Weapons
 a - a +0 hand axe (weapon)
 h - a -2 falchion
Armour
 g - a +0 pair of gloves (worn)
 j - a +0 leather armour
 m - a +1 cloak (worn)
 t - the +2 ring mail of Creativity {+Fly}
   (You found it on level 4 of the Dungeon)

   It lets you fly.
 y - a +0 scale mail of magic resistance (worn)
Jewellery
 d - an uncursed ring of poison resistance
 e - a ring of protection from cold (right hand)
 i - an uncursed ring of fire
 n - a ring of poison resistance (left hand)
 x - an uncursed amulet of harm {unknown}
Wands
 p - a wand of confusion (19/48)
 u - a wand of flame (18/48)
 A - a wand of lightning (1/15)
Scrolls
 f - 8 scrolls of remove curse
 v - a scroll of identify
 w - a scroll of teleportation
Potions
 b - a potion of degeneration {unknown}
 k - 2 potions of mutation
 l - a potion of lignification {unknown}
 o - a potion of curing
 q - a potion of flight {unknown}
 s - a potion of magic
 z - 3 potions of agility {unknown}
Comestibles
 c - 4 bread rations
 r - a royal jelly


   Skills:
 + Level 7.2 Fighting
 * Level 9.1 Axes
 + Level 6.0 Armour
 + Level 6.5 Dodging
 - Level 1.5 Stealth


You had 7 spell levels left.
You didn't know any spells.

Dungeon Overview and Level Annotations

Branches:
Dungeon (6/15)
 Temple: D:4-7

Altars:
The Shining One

Shops:
D:4 %

Annotations:
D:5 Prince Ribbit


Innate Abilities, Weirdness & Mutations

You reflexively headbutt those who attack you in melee.
You have a pair of horns on your head.


Message History

You are too injured to fight recklessly!
You are too injured to fight recklessly!
You are too injured to fight recklessly!
You are too injured to fight recklessly!
You hit the orc priest but do no damage.
The orc priest is almost dead.
You closely miss something.
You hit the orc warrior but do no damage.
You barely miss the orc wizard. The orc wizard hits you with a dagger.
The orc priest mumbles some strange prayers to Beogh against you.
Beogh smites you!
* * * LOW HITPOINT WARNING * * *
The orc wizard hits you but does no damage.
You barely miss the orc priest.
The orc priest is almost dead.
You hit the orc wizard but do no damage.
You hit the orc warrior but do no damage.
You hit something but do no damage. Something hits you but does no damage.
The orc warrior hits you with a war axe!!
You die...

#....# #.... #.....
#.#.. ....#.# #.#..
#######...#...#.#.#+#
..........##..#.#....
....................#
.########^.#####.#.#.###
......o.................
......o@####.###...#.###
.......o...#.# #...#.#
.######.##.#.# #...#.#
..# #.# #.#.#.# ..#
#.###.#...### #.##
#............ ..
#####.#..>... ##
#.#.#.... #.#.#....


You could see an orc warrior, an orc priest and an orc wizard.

Vanquished Creatures
  Sigmund (D:2)
  Duvessa (D:5)
  A necrophage (D:5)
  A phantom (D:5)
  An ogre (D:4)
  3 centaurs
  A bullfrog (D:6)
  Dowan (D:5)
  A scorpion (D:3)
  A crimson imp (D:4)
  4 hounds
  3 orc priests
  5 orc wizards
  Jessica (D:3)
  9 worker ants
  A hound skeleton (D:5)
  Robin (D:4)
  7 adders
  A shadow imp (D:5)
  An ooze (D:3)
  An adder skeleton (D:6)
  5 worms
  A dart slug (D:1)
  4 leopard geckos
  13 orcs
  4 giant cockroaches
  15 goblins
  13 hobgoblins
  9 jackals
  7 kobolds
  4 quokkas
  A ball python (D:2)
  13 bats
  7 frilled lizards
  2 jackal zombies
  7 rats
151 creatures vanquished.

Notes
Turn   | Place    | Note
-------+----------+-------------------------------------------
     0 | D:1      | kae the Minotaur Monk began the quest for the Orb.
     0 | D:1      | Reached XP level 1. HP: 19/19 MP: 0/0
   175 | D:1      | Reached XP level 2. HP: 26/27 MP: 1/1
   456 | D:2      | Reached skill level 4 in Axes
   460 | D:2      | Reached skill level 1 in Armour
   463 | D:2      | Reached XP level 3. HP: 28/33 MP: 2/2
  1032 | D:2      | Reached XP level 4. HP: 36/40 MP: 3/3
  1434 | D:3      | Noticed Sigmund
  1726 | D:2      | Killed Sigmund
  1726 | D:2      | Reached skill level 5 in Axes
  1726 | D:2      | Reached XP level 5. HP: 37/47 MP: 4/4
  1799 | D:3      | Reached XP level 6. HP: 13/55 MP: 5/5
  2040 | D:3      | Noticed Jessica
  2046 | D:3      | Killed Jessica
  2163 | D:3      | Reached skill level 5 in Fighting
  2163 | D:3      | Reached skill level 6 in Axes
  2896 | D:4      | Noticed Robin
  2909 | D:4      | Reached XP level 7. HP: 54/61 MP: 6/6
  2915 | D:4      | Killed Robin
  2987 | D:4      | Reached skill level 5 in Dodging
  3053 | D:4      | Got a crude ring mail
  3064 | D:4      | Identified the +2 ring mail of Creativity {+Fly} (You found it on level 4 of the Dungeon)
  3158 | D:4      | Found Xanner's Food Shop.
  3309 | D:4      | Reached skill level 7 in Axes
  3511 | D:5      | Entered Level 5 of the Dungeon
  3767 | D:5      | Noticed Duvessa
  3767 | D:5      | Noticed Dowan
  3792 | D:5      | Killed Duvessa
  3792 | D:5      | Reached skill level 5 in Armour
  3792 | D:5      | Reached XP level 8. HP: 20/70 MP: 7/7
  3802 | D:5      | Killed Dowan
  3964 | D:5      | Reached skill level 8 in Axes
  4564 | D:5      | Noticed Prince Ribbit
  4857 | D:6      | Reached skill level 9 in Axes
  4917 | D:6      | Found a glowing golden altar of the Shining One.
  5013 | D:6      | Slain by an orc warrior

Vault maps used:
D:1:      minmay_arrival_nine_rooms
D:2:      kennysheep_potato
D:3:      roderic_bali_sauvastika, uniq_jessica, uniq_sigmund
D:4:      gup_sewer_entry_bowl, serial_shops, shop, dk_noncrumbling_2,
          uniq_robin
D:5:      first_bread, uniq_duvessa, uniq_prince_ribbit1
D:6:      tso_altar, minmay_temple_entry_hall

Skill      XL: |  1  2  3  4  5  6  7  8 |
---------------+-------------------------+-----
Axes           | 4 5 6 7 9 |  9.1
Armour         | 1 3 5 6 |  6.0
Fighting       | 4 5 6 7 |  7.2
Dodging        | 4 5 6 |  6.5
Stealth        | |  1.5

Action                   |  1- 3 |  4- 6 |  7- 9 || total
-------------------------+-------+-------+-------++-------
Melee: Hand axe          |    67 |   136 |   242 ||   445
       Headbutt          |    10 |    21 |    54 ||    85
  Use: Scroll            |     4 |     2 |     3 ||     9
       Potion            |       |       |     2 ||     2
 Stab: Sleeping          |     2 |       |       ||     2
  Eat: Chunk             |       |     6 |     7 ||    13
Armor: Robe              |    21 |    19 |       ||    40
       Leather armour    |       |    14 |     3 ||    17
       Ring mail         |       |       |    70 ||    70
       Scale mail        |       |       |    21 ||    21
Dodge: Dodged            |    61 |   127 |   134 ||   322
